 Dungeon Crawl Stone Soup version 0.32-a0-893-gf85d74f360 (webtiles) character file.

Game seed: 9156203160700744779

110 KennySheep the Grasshopper (level 4, 0/37 HPs)
             Began as an Armataur Warper on Apr 4, 2024.
             Slain by Grinder (7 damage)
             ... on level 3 of the Dungeon.
             The game lasted 00:06:34 (1797 turns).

KennySheep the Grasshopper (Armataur Warper)        Turns: 1797, Time: 00:06:34

Health: 0/37       AC:  5    Str: 16    XL:     4   Next: 61%
Magic:  7/7        EV:  8    Int: 14    God:
Gold:   127        SH:  0    Dex: 11    Spells: 7/8 levels left

rFire   . . .        u - +1 dagger (vamp)
rCold   . . .        e - orb {mayhem}
rNeg    . . .        b - +0 leather armour
rPois   .            t - +0 helmet
rElec   .            (no cloak)
rCorr   .            (no gloves)
SInv    .            (no barding)
Will    .....        (no amulet)
Stlth   +            (no ring)
HPRegen 0.26/turn    (no ring)
MPRegen 0.43/turn

%: mayhem, roll
@: mighty
A: large, deformed body, tough skin 3, armoured tail, rollpage 1
a: no special abilities


You were on level 3 of the Dungeon.
You visited 1 branch of the dungeon, and saw 3 of its levels.

You collected 127 gold pieces.

Inventory:

Hand Weapons
 a - a +0 short sword
 i - a +1 dagger of speed
 u - a +1 vampiric dagger (weapon)
Missiles
 d - 7 darts of dispersal (quivered)
 p - 3 poisoned darts
Armour
 b - a +0 leather armour (worn)
 e - an orb of mayhem (worn)
 t - a +0 helmet (worn)
Jewellery
 s - a ring of poison resistance
Scrolls
 c - a scroll of blinking
 f - a scroll of teleportation {unknown}
 g - a scroll of vulnerability
 k - a scroll of fear
 n - a scroll of noise {unknown}
 o - a scroll of identify {unknown}
 q - a scroll of enchant weapon {unknown}
 r - a scroll of immolation {unknown}
Potions
 h - a potion of brilliance {unknown}
 j - a potion of attraction
 l - a potion of lignification {unknown}
 m - 2 potions of haste


   Skills:
 + Level 2.8 Fighting
 + Level 2.7 Short Blades
 - Level 0.8 Throwing
 - Level 1.2 Armour
 - Level 1.3 Dodging
 + Level 1.8 Stealth
 + Level 2.6 Spellcasting
 - Level 3.0 Translocations


You had 7 spell levels left.
You knew the following spells:

 Your Spells              Type           Power      Damage    Failure   Level
a - Apportation           Tloc           20%        N/A       9%          1

Your spell library contained the following spells:

 Spells                   Type           Power      Damage    Failure   Level
 Blink                    Tloc           20%        N/A       12%         2
 Lesser Beckoning         Tloc           20%        N/A       12%         2
 Maxwell's Portable Pile  Tloc           10%        2d(6-16)  24%         3
 Teleport Other           Tloc           10%        N/A       24%         3
 Ensorcelled Hibernation  Hex/Ice        2%         N/A       38%         2
 Jinxbite                 Hex            2%         N/A       38%         2
 Fugue of the Fallen      Necr           1%         N/A       63%         3
 Vhi's Electric Charge    Tloc/Air       12%        N/A       83%         4
 Anguish                  Hex/Necr       0%         N/A       95%         4
 Animate Dead             Necr           1%         N/A       95%         4
 Alistair's Intoxication  Alch           0%         N/A       100%        5
 Haunt                    Necr/Summ      0%         N/A       100%        7
 Infestation              Necr           0%         N/A       100%        8


Dungeon Overview and Level Annotations

Branches:
Dungeon (3/15)

Altars:
Sif Muna

Annotations:
D:3 Grinder


Innate Abilities, Weirdness & Mutations

Armour fits poorly on your strangely shaped body.
You have extremely tough skin. (AC +3)
You have a long armoured tail.
You regenerate magic when rolling toward enemies. (Rampage MPRegen)


Message History

The goblin shouts!
The goblin shoots a sling bullet.
The sling bullet hits you.
There are monsters nearby!
There are monsters nearby!
A quokka comes into view.
Grinder comes into view.
The goblin shoots a sling bullet.
The sling bullet hits you but does no damage.
The goblin shoots a sling bullet.
The sling bullet barely misses you.
The goblin shoots a sling bullet.
The sling bullet barely misses you.
You roll towards the quokka!
Grinder blinks!
The goblin shoots a sling bullet.
The sling bullet hits you. The quokka bites you.
You hit the quokka.
The quokka is severely wounded.
The goblin shoots a sling bullet.
The sling bullet barely misses you. The quokka barely misses you.
You hit the quokka.
You feel better.
You tail-slap the quokka.
You kill the quokka!
Grinder flies into a frenzy!
Grinder hits the goblin.
The goblin dies!
The goblin unwields a +0 sling.
The goblin barely misses you.
Grinder barely misses the goblin.
The goblin wields a +0 sling.
The goblin shoots a sling bullet.
The sling bullet hits you but does no damage.
Grinder hits the goblin.
The goblin dies!
Grinder shouts!
Grinder attacks as she pursues you! Grinder hits you!
You hit Grinder.
Grinder is lightly wounded.
Grinder hits you.
You closely miss Grinder.
Grinder is lightly wounded.
Grinder barely misses you. Grinder hits you.
You writhe in agony.
You hit Grinder.
Grinder is lightly wounded.
Grinder hits you!
* * * LOW HITPOINT WARNING * * *
You feel very mighty all of a sudden. Grinder hits you!
You die...

#####++######################
≈≈~.....~~≈≈≈≈≈≈≈≈≈≈≈≈≈≈≈≈≈≈≈
≈~~.....~~≈~≈≈≈≈≈≈≈≈≈≈≈≈~≈≈≈≈
~~~~..)..~~~~~~≈~≈~~~~~~~~~~≈
~~~~..).~~....~~~~~.~.~)..~.~
......†......................
...........5@................
.............)...............
#################.#####....##
#.# ##....## #.# #.......
###.####.###.##
#.....##.#.....
#.....##.#....†
#.....##.......


You could see the neutral Grinder (fast, strong, frenzied).

Vanquished Creatures
  3 adders
  A ribbon worm (D:2)
  6 ball pythons
  7 endoplasms
  13 goblins
  6 hobgoblins
  6 jackals
  4 quokkas
  9 bats
  10 frilled lizards
  A rat (D:2)
66 creatures vanquished.

Vanquished Creatures (collateral kills)
  2 goblins (D:3)
  2 jackals
  2 frilled lizards (D:3)
6 creatures vanquished.

Grand Total: 72 creatures vanquished

Notes
Turn   | Place    | Note
-------+----------+-------------------------------------------
     0 | D:1      | KennySheep the Armataur Warper began the quest for the Orb.
     0 | D:1      | Reached XP level 1. HP: 17/17 MP: 3/3
   259 | D:1      | Reached XP level 2. HP: 18/24 MP: 5/5
   291 | D:1      | HP: 1/24 [goblin/+0 whip (5)]
   546 | D:1      | Reached XP level 3. HP: 27/30 MP: 6/6
   654 | D:1      | Learned a level 1 spell: Apportation
  1038 | D:2      | Reached skill level 1 in Stealth
  1046 | D:2      | HP: 1/30 [poisoned by an adder]
  1335 | D:2      | Reached XP level 4. HP: 37/37 MP: 7/7
  1608 | D:3      | Found a shimmering blue altar of Sif Muna.
  1784 | D:3      | Noticed Grinder
  1797 | D:3      | Slain by Grinder

Illustrated notes

Levels and vault maps discovered:
D:1:      minmay_arrival_diagonal_passages, layout_rooms, serial_bayou_lagoon_a,
          minmay_vboxes
D:2:      layout_rooms, minmay_misc_feat_chi, minmay_quadrilaterals
D:3:      minmay_goblin_kobold_castle, layout_basic,
          nicolae_sif_muna_condensation, grunt_ministairs_14,
          minmay_misc_feat_nine_boxes, hangedman_decor_points,
          kennysheep_flooded_box, minmay_liquid_box, st_stairs_3,
          minmay_lizard_king, uniq_grinder

Skill      XL: |  1  2  3 |
---------------+----------+-----
Fighting       | 2 |  2.8
Short Blades   | 2 |  2.7
Spellcasting   | 2 |  2.6
Stealth        | 1 |  1.8
Throwing       | |  0.8
Armour         | |  1.2
Dodging        | |  1.3
Translocations | |  3.0

Action                     |  1- 3 |  4- 6 || total
---------------------------+-------+-------++-------
  Melee: Short sword       |    62 |       ||    62
         Tailslap          |    23 |     7 ||    30
         Dagger            |   120 |    77 ||   197
    Use: Potion            |     4 |     1 ||     5
         Scroll            |     2 |       ||     2
   Stab: Sleeping          |     2 |       ||     2
 Armour: Leather armour    |    92 |    73 ||   165
  Dodge: Dodged            |    45 |    50 ||    95

Table legend: (Time is in decaauts)
 A = Elapsed time spent in this place.
 B = Non-inter-level travel time spent in this place.
 C = Inter-level travel time spent in this place.
 D = Time resting spent in this place.
 E = Time spent auto-exploring this place.
 F = Levels seen in this place.
 G = Mean time per level.
                   A        B        C        D        E       F      G
               +--------+--------+--------+--------+--------+-----+--------+
         Total |   1705 |   1679 |     26 |    170 |   1084 |   3 |  568.3 |
       Dungeon |   1705 |   1679 |     26 |    170 |   1084 |   3 |  568.3 |
               +--------+--------+--------+--------+--------+-----+--------+

Top non-repeatable levels by time:
     D:2: 802 daAuts
     D:1: 724 daAuts
     D:3: 177 daAuts
